AoeStats
← 1695

Arabia

509751459Analyzed
2v2 RM · 6d ago on Sep 27, 2026· 20m 0s· 4 players
Game mode
Random Map
Map size
Medium (4 player)
Population
200
Speed
Normal
Resources
Standard
Victory
Conquest
Starting age
Dark Age
Ending age
Imperial Age
RankedLock teamsTeams togetherTeam positionsShared explorationLock speedFull tech treeHidden civsTurbo modeCheats
Victory
Defeat
🇦🇷 Vietnamese · Argentina
854
+14
🇨🇱 Franks · Chile
823
+39
🇦🇷 Inca · Argentina
813
-15
🇦🇷 Franks · Argentina
783
-14
1695
12:48 Feudal Age
13:13 Horse Collar
13:22 Double-Bit Axe
19:52 Castle Age
18:45 Forging
19:08 Stone Mining
19:45 Gold Mining
JOTAEME
14:59 Feudal Age
EL AK SIEMPRE AL 10
7:19 Loom
10:26 Feudal Age
12:34 Double-Bit Axe
13:56 Wheelbarrow
14:58 Fletching
17:37 Gold Mining
17:28 Horse Collar
GOLDFISH
10:34 Feudal Age
13:53 Loom
15:16 Double-Bit Axe
21:07 Castle Age
Connection lost

Rejoining the realm…

Still unreachable

The connection could not be restored.

Session expired

The server has moved on; the page needs a fresh start.